 Dungeon Crawl Stone Soup version 0.21.0-3-g78d12a8 (webtiles) character file.

14 magipi the Slasher (level 2, 0/34 HPs)
             Began as a Vampire Berserker on Jan 16, 2018.
             Was a Follower of Trog.
             Slain by a rat (2 damage)
             ... on level 1 of the Dungeon.
             The game lasted 00:00:52 (167 turns).

magipi the Slasher (Vampire Berserker)               Turns: 167, Time: 00:00:52

Health: 0/34       AC:  2    Str: 21    XL:     2   Next: 31%
Magic:  2/2        EV: 12    Int:  9    God:    Trog [*.....]
Gold:   0          SH:  0    Dex: 13    Spells: 1/1 levels left

rFire    . . .     SeeInvis +   a - +0 falchion
rCold    . . .     Gourm    .   (no shield)
rNeg     + . .     Faith    .   b - +0 animal skin
rPois    .         Spirit   .   (no helmet)
rElec    .         Reflect  .   (no cloak)
rCorr    .         Harm     .   (no gloves)
MR       .....                  (no boots)
Stlth    ..........             (no amulet)
HPRegen  0.11/turn              (no ring)
MPRegen  0.08/turn              (no ring)

@: berserking, very quick
A: fangs 3, see invisible, unbreathing
a: Berserk, Burn Spellbooks, Renounce Religion


You were on level 1 of the Dungeon.
You worshipped Trog.
Trog was aware of your devotion.
You were not thirsty.

You visited 1 branch of the dungeon, and saw 1 of its levels.

Inventory:

Hand Weapons
 a - a +0 falchion (weapon)
Armour
 b - a +0 animal skin (worn)
Potions
 c - 2 potions of blood


   Skills:
 + Level 2.9 Fighting
 * Level 3.5 Long Blades
 - Level 1.5 Armour
 - Level 2.1 Dodging


You had one spell level left.
You didn't know any spells.

Dungeon Overview and Level Annotations

Branches:
Dungeon (1/15)

Altars:


Innate Abilities, Weirdness & Mutations

You have razor-sharp teeth.
You have supernaturally acute eyesight. (SInv)
You can survive without breathing.


Message History

The goblin barely misses you.
You slash the goblin!
You kill the goblin!
Trog accepts your kill.
You hit the goblin.
You kill the goblin!
Trog accepts your kill. The rat bites you.
Things that are here:
a club; a goblin corpse x2
You hit the rat.
You kill the rat!
Trog accepts your kill.
You closely miss the leopard gecko. You bite the leopard gecko.
The leopard gecko is moderately wounded.
The leopard gecko misses you.
You riposte.
You barely miss the leopard gecko.
The leopard gecko is moderately wounded.
You hit the leopard gecko.
You kill the leopard gecko!
Trog accepts your kill.
You have reached level 2!
You see here a rat corpse.
You bottle the corpse's blood.
c - 2 potions of blood (gained 1)
A kobold comes into view. It is wielding a dagger.
Things that are here:
a club; a goblin corpse x2
You start resting.
HP restored.
A hobgoblin comes into view. It is wielding a mace.
Things that are here:
a club; a goblin corpse x2
A jackal comes into view.
The kobold shouts!
The hobgoblin shouts!
The jackal barks!
The jackal moves out of view.
The hobgoblin throws a stone.
The stone hits you but does no damage.
You hear a bark!
You see here a stone.
The hobgoblin moves out of view.
Things that are here:
a club; a goblin corpse x2
A jackal comes into view.
Things that are here:
a club; a goblin corpse x2
You barely miss the kobold. The kobold hits you but does no damage.
You closely miss the kobold. You bite the kobold.
You kill the kobold!
Trog accepts your kill. The jackal misses you.
A jackal comes into view.
You miss the jackal. The jackal completely misses you. The jackal bites you.
The jackal barks!
You hit the jackal.
The jackal is almost dead.
The jackal bites you but does no damage.
You closely miss the jackal.
The jackal is almost dead.
The jackal closely misses you. The jackal bites you.
You hit the jackal but do no damage.
The jackal is almost dead.
The jackal barely misses you.
You completely miss the jackal.
The jackal is almost dead.
The jackal barely misses you. The jackal bites you.
A dart slug comes into view.
You hit the jackal.
You kill the jackal!
Trog accepts your kill. The hobgoblin hits you with a mace.
A rat comes into view.
You hit the hobgoblin.
The hobgoblin is severely wounded.
The hobgoblin closely misses you. The hobgoblin hits you with a mace.
Unknown command.
The hobgoblin throws a stone.
The stone hits you.
* * * LOW HITPOINT WARNING * * *
A red film seems to cover your vision as you go berserk!
You feel yourself moving faster!
You feel mighty!
You feel a lot more thirsty.
The hobgoblin throws a stone.
The stone barely misses you.
You feel a strong urge to attack something.
The hobgoblin hits you with a mace.
* * * LOW HITPOINT WARNING * * *
You slash the hobgoblin!
You kill the hobgoblin!
Trog accepts your kill.
You hit the jackal.
The jackal is severely wounded.
The jackal bites you.
* * * LOW HITPOINT WARNING * * *
You slash the jackal!
You kill the jackal!
Trog accepts your kill.
You slash the jackal!
You kill the jackal!
Trog accepts your kill. The rat misses you.
Items here: ( )) ††† You completely miss the rat.
The rat bites you.
You die...

####### #).<..# #..
##...## ##... #.###.#
..>... #8'''8# ....#
###.### #.(.# #..#
....##.
########.#########.......
.......(......@rw.†......
###################......
..... .... ... .. #


You could see a dart slug and a rat.

Vanquished Creatures
  A dart slug (D:1)
  A leopard gecko (D:1)
  2 goblins (D:1)
  A hobgoblin (D:1)
  3 jackals (D:1)
  A kobold (D:1)
  A rat (D:1)
10 creatures vanquished.

Notes
Turn   | Place    | Note
-------+----------+-------------------------------------------
     0 | D:1      | magipi the Vampire Berserker began the quest for the Orb.
     0 | D:1      | Reached XP level 1. HP: 17/17 MP: 1/1
    35 | D:1      | Reached XP level 2. HP: 15/23 MP: 2/2
   167 | D:1      | Slain by a rat

Action                   || total
-------------------------++-------
Melee: Falchion          ||    23
       Bite              ||     3
Invok: Berserk           ||     1
Armor: Animal skin       ||     2
Dodge: Dodged            ||    10
       Rpst.: Falchion   ||     1

Action                   || total
-------------------------++-------
Melee: Falchion          ||    23
       Bite              ||     3
Invok: Berserk           ||     1
Armor: Animal skin       ||     2
Dodge: Dodged            ||    10
       Rpst.: Falchion   ||     1
